 Dungeon Crawl Stone Soup version 0.18-a0-596-g6468885 (webtiles) character file.

160 M4edhros the Sneak (level 5, -3/33 HPs)
             Began as an Octopode Artificer on Dec 3, 2015.
             Killed from afar by an orc wizard (7 damage)
             ... with a magic dart
             ... on level 3 of the Dungeon.
             The game lasted 00:04:07 (2202 turns).

M4edhros the Sneak (Octopode Artificer)             Turns: 2202, Time: 00:04:07

Health: -3/33      AC:  1    Str: 10    XL:     5   Next: 41%
Magic:  8/8        EV: 18    Int: 16    God:    Xom [*.....]
Gold:   120        SH:  0    Dex: 17    Spells: 0 memorised, 4 levels left

rFire  . . .     SeeInvis .     a - +0 short sword
rCold  . . .     Clarity  .     (no shield)
rNeg   . . .     SustAt   .     (helmet restricted)
rPois  .         Gourm    .     (no amulet)
rElec  .         Spirit   .     (no ring)
rCorr  .         Dismiss  .     (no ring)
rMut   .         Stasis   .     (no ring)
MR     .....                    (no ring)
Stlth  +++++.....               (no ring)
                                (no ring)
                                (no ring)
                                (no ring)

@: agile, not resistant to hostile enchantments, quite stealthy
A: almost no armour, amphibious, 8 rings, constrict 8, camouflage 1, gelatinous
body 1
a: Renounce Religion


You were on level 3 of the Dungeon.
You worshipped Xom.
You were a special plaything of Xom.
You were not hungry.

You visited 1 branch of the dungeon, and saw 3 of its levels.

You collected 120 gold pieces.

Inventory:

Hand Weapons
 a - a +0 short sword (weapon)
 q - a +0 hunting sling
Missiles
 g - 129 stones (quivered)
 w - 10 sling bullets
Wands
 b - a wand of flame (13)
 c - a wand of enslavement (12)
 d - a wand of random effects (15)
Scrolls
 f - a scroll of immolation {unknown}
 i - a scroll of magic mapping {unknown}
 j - a scroll of teleportation {unknown}
 k - a scroll of fear {unknown}
 l - 2 scrolls of enchant armour {unknown}
 m - a scroll of remove curse {unknown}
 o - a scroll of random uselessness {unknown}
 r - a scroll of identify {unknown}
 u - a scroll of fog {unknown}
Potions
 n - a potion of curing {unknown}
 p - a potion of ambrosia {unknown}
Comestibles
 e - 4 bread rations
 s - 5 fruits
 t - 3 meat rations
 v - a beef jerky


   Skills:
 - Level 1.0 Fighting
 - Level 1.0 Short Blades
 + Level 1.7 Slings
 + Level 2.8 Dodging
 + Level 4.5 Stealth
 + Level 4.5 Evocations


You had 4 spell levels left.
You didn't know any spells.

Dungeon Overview and Level Annotations

Branches:
Dungeon (3/15)

Altars:
Okawaru
Xom
Zin


Innate Abilities, Weirdness & Mutations

You cannot wear most types of armour.
You are amphibious.
You can wear up to eight rings at the same time.
You can use your tentacles to constrict eight enemies at once.
Your skin changes colour to match your surroundings (Stealth).
Your rubbery body absorbs attacks (AC +1).


Message History

Gang up on whom?
Press: ? - help, Dir - move target cursor, f - orc wizard, p - worm
Aim: an orc wizard, wielding a dagger and wearing a robe Attack!
Something hits your worm.
The orc wizard gestures wildly while chanting.
The orc wizard blinks!
Your worm closely misses something.
Something hits your worm.
Something hits your worm but does no damage.
Something hits your worm.
Your worm closely misses something.
A puff of flame appears from out of thin air!
The puff of flame hits your worm. Something hits your worm.
Your worm dies!
Evoke which item? (* to show all) (? for menu, Esc to quit)
Zapping:
c - a wand of enslavement (13)
Press: ? - help, Shift-Dir - straight line, f - you Nothing appears to happen.
This wand has 12 charges left.
A magic dart appears from out of thin air!
The magic dart hits you!
You die...

...... #.....รท....#
#w..................#
.........####.......#
.(>... ......#.####
......
#####.#.##########
!...# #............#
... #.#.....>....#
#.#####............#
#))...@>.###########
#######...####
##.....###
###.....######
###........#
##.<.....# #.......#
#.......# #.......#


There were no monsters in sight!

Vanquished Creatures
  An orc wizard (D:3)
  Natasha (twice) (D:2)
  An adder (D:2)
  3 worms (D:2)
  10 orcs (D:3)
  5 bats
  3 giant cockroaches
  4 goblins
  3 hobgoblins
  9 jackals
  7 kobolds
  2 ball pythons
  6 giant geckos
  5 giant newts
  5 rats
66 creatures vanquished.

Vanquished Creatures (others)
  An adder (D:2)
  A worm (D:3)
2 creatures vanquished.

Grand Total: 68 creatures vanquished

Notes
Turn   | Place    | Note
--------------------------------------------------------------
     0 | D:1      | M4edhros the Octopode Artificer began the quest for the Orb.
     0 | D:1      | Reached XP level 1. HP: 13/13 MP: 3/3
   231 | D:1      | Reached XP level 2. HP: 16/18 MP: 4/4
   644 | D:2      | Found a glowing silver altar of Zin.
   644 | D:2      | Noticed an angel
   645 | D:2      | Found a shimmering altar of Xom.
   666 | D:2      | Became a worshipper of Xom of Chaos
   672 | D:2      | XOM: butterfly on damage
   680 | D:2      | Reached XP level 3. HP: 14/23 MP: 5/5
   738 | D:2      | XOM: smoke on damage
   752 | D:2      | Found an iron altar of Okawaru.
   792 | D:2      | XOM: divination: detect creatures
   949 | D:2      | XOM: smoke on damage
  1069 | D:2      | Noticed Natasha
  1075 | D:2      | Reached skill level 4 in Stealth
  1075 | D:2      | Reached XP level 4. HP: 21/28 MP: 6/6
  1082 | D:2      | XOM: potion effect (brilliance)
  1084 | D:2      | XOM: butterfly on damage
  1086 | D:2      | Killed Natasha
  1086 | D:2      | Reached skill level 1 in Slings
  1228 | D:2      | XOM: mild Necr miscast
  1452 | D:2      | Noticed Natasha
  1462 | D:2      | Killed Natasha
  1902 | D:3      | Reached XP level 5. HP: 18/33 MP: 8/8
  2202 | D:3      | Killed from afar by an orc wizard

Vault maps used:
D:1:      dpeg_arrival_rooms_b, serial_park_tiny_1
D:2:      grunt_temple_overflow_order_and_chaos_1, okawaru_metal_pillars_1_2,
          uniq_natasha
D:3:      grunt_temple_overflow_opulence, lemuel_doored_altar, first_bread

Action                   |  1- 3 |  4- 6 || total
-------------------------+-------+-------++-------
Melee: Short sword       |    39 |    72 ||   111
 Fire: Hunting sling     |    70 |     8 ||    78
Evoke: Wand              |     3 |     2 ||     5
  Use: Potion            |       |     1 ||     1
 Stab: Sleeping          |     7 |     6 ||    13
  Eat: Chunk             |       |     4 ||     4
